AoeStats
← ariannalovesyeww

MegaRandom

504336203Analyzed
3v3 RM · 27d ago on Sep 4, 2026· 81m 10s· 6 players
Game mode
Random Map
Map size
Normal (6 player)
Population
200
Speed
Normal
Resources
Standard
Victory
Conquest
Starting age
Dark Age
Ending age
Imperial Age
RankedLock teamsTeams togetherTeam positionsShared explorationLock speedFull tech treeHidden civsTurbo modeCheats
Victory
Defeat
🇺🇸 Persians · United States
853
+12
🇺🇸 Mongols · United States
761
+16
🇺🇸 Portuguese · United States
744
+17
🇨🇦 Goths · Canada
811
-17
🇺🇸 Chinese · United States
788
-16
🇺🇸 Romans · United States
702
-12
DcSn1per750
0:29 Loom
14:17 Feudal Age
15:38 Wheelbarrow
15:44 Town Watch
15:26 Man-at-Arms
16:16 Fishing Lines
20:45 Double-Bit Axe
23:17 Horse Collar
25:57 Castle Age
25:58 Bloodlines
27:16 Stone Mining
27:24 Gold Mining
27:39 Heavy Plow
27:54 Bow Saw
27:53 Scale Mail Armor
28:11 Forging
27:54 Fletching
28:07 Padded Archer Armor
30:36 Bodkin Arrow
33:04 Elite Skirmisher
34:25 Long Swordsman
34:28 Pikeman
50:40 Ballistas
59:23 Squires
SmokedYoAzz420
0:47 Loom
16:33 Feudal Age
17:08 Town Watch
17:56 Fishing Lines
22:15 Castle Age
22:22 Gold Mining
22:23 Stone Mining
22:16 Horse Collar
22:24 Double-Bit Axe
24:20 Wheelbarrow
23:49 Heavy Plow
24:02 Bow Saw
24:37 Gillnets
24:46 Arson
25:02 Squires
26:57 Murder Holes
32:48 Gold Shaft Mining
32:49 Stone Shaft Mining
36:52 Imperial Age
35:13 Pikeman
36:51 Scale Mail Armor
37:02 Forging
38:46 Chemistry
39:44 Elite Fire Lancer
48:31 Iron Casting
48:11 Chain Mail Armor
49:22 Elite Skirmisher
50:09 Thumb Ring
51:26 Blast Furnace
50:56 Plate Mail Armor
52:35 Hand Cart
57:20 Conscription
61:05 Two-Man Saw
75:02 Halberdier
Commander Davis
2:10 Loom
14:27 Feudal Age
14:54 Horse Collar
15:03 Double-Bit Axe
15:12 Stone Mining
14:49 Man-at-Arms
21:08 Gold Mining
24:27 Castle Age
25:22 Forging
25:12 Scale Mail Armor
24:35 Long Swordsman
25:16 Squires
26:04 Wheelbarrow
28:15 Hand Cart
34:29 Bow Saw
35:31 Pikeman
39:53 Iron Casting
39:34 Chain Mail Armor
44:10 Anarchy
48:00 Heavy Plow
49:16 Murder Holes
52:03 Imperial Age
52:49 Halberdier
54:47 Elite Huskarl
55:28 Perfusion
63:20 Caravan
66:38 Capped Ram
Blogness
3:57 Loom
11:41 Feudal Age
12:22 Double-Bit Axe
12:49 Horse Collar
16:13 Man-at-Arms
19:04 Gold Mining
19:04 Stone Mining
21:54 Forging
21:44 Scale Mail Armor
23:32 Bloodlines
25:47 Castle Age
26:16 Long Swordsman
34:52 Light Cavalry
36:58 Husbandry
36:43 Pikeman
38:40 Bloodlines
40:42 Chain Mail Armor
45:17 Imperial Age
45:33 Capped Ram
47:41 Wheelbarrow
48:03 Halberdier
50:59 Chemistry
50:31 Fortified Wall
51:56 Elite Organ Gun
54:05 Hand Cart
56:25 Murder Holes
57:49 Caravan
61:29 Bombard Tower
61:52 Padded Archer Armor
64:41 Leather Archer Armor
65:39 Arquebus
66:09 Masonry
66:20 Ballistics
69:40 Conscription
73:36 Architecture
73:48 Treadmill Crane
79:28 Siege Engineers
ariannalovesyeww
1:53 Loom
11:57 Feudal Age
15:45 Wheelbarrow
19:23 Castle Age
20:56 Hand Cart
27:52 Double-Bit Axe
30:01 Bow Saw
37:13 Scale Barding Armor
38:54 Chain Barding Armor
44:17 Imperial Age
41:54 Elite Skirmisher
42:58 Ballistics
42:51 Masonry
42:56 Bloodlines
42:07 Light Cavalry
43:29 Horse Collar
44:28 Husbandry
44:07 Pikeman
44:47 Squires
44:41 Fletching
44:52 Padded Archer Armor
44:53 Scale Mail Armor
45:03 Forging
48:56 Hussar
50:05 Parthian Tactics
49:48 Nomads
49:10 Elite Mangudai
50:10 Chain Mail Armor
50:11 Leather Archer Armor
49:51 Bodkin Arrow
53:05 Chemistry
51:28 Heavy Cavalry Archer
51:31 Heavy Camel Rider
58:25 Capped Ram
73:31 Siege Engineers
76:44 Drill
78:56 Conscription
78:05 Siege Ram
TheChaplain777
13:19 Feudal Age
17:01 Castle Age
16:05 Double-Bit Axe
16:01 Horse Collar
22:57 Heavy Plow
28:34 Imperial Age
27:02 Wheelbarrow
26:15 Loom
27:11 Gold Mining
27:27 Kamandaran
27:30 Crossbowman
28:27 Thumb Ring
29:33 Bloodlines
29:21 Fletching
29:42 Forging
30:52 Elite War Elephant
31:43 Bodkin Arrow
32:25 Iron Casting
31:55 Scale Barding Armor
32:16 Scale Barding Armor
32:15 Husbandry
32:55 Conscription
32:31 Stone Mining
32:59 Bow Saw
48:38 Two-Man Saw
52:00 Caravan
55:26 Fervor
56:02 Cavalier
57:02 Hand Cart
56:35 Town Watch
58:00 Blast Furnace
57:20 Chain Barding Armor
57:02 Padded Archer Armor
57:50 Savar
63:38 Gold Shaft Mining
75:37 Crop Rotation
78:18 Medium Warships
Connection lost

Rejoining the realm…

Still unreachable

The connection could not be restored.

Session expired

The server has moved on; the page needs a fresh start.